AoeStats
← Eli Correa 3950

Black Forest

510051538Analyzed
3v3 RM · 4d ago on Sep 29, 2026· 61m 29s· 6 players
Game mode
Random Map
Map size
Normal (6 player)
Population
200
Speed
Normal
Resources
Standard
Victory
Conquest
Starting age
Dark Age
Ending age
Imperial Age
RankedLock teamsTeams togetherTeam positionsShared explorationLock speedFull tech treeHidden civsTurbo modeCheats
Victory
Defeat
🇬🇧 Turks · United Kingdom
946
+15
🇨🇳 Magyars · China
936
+16
🇲🇽 Koreans · Mexico
908
+17
🇦🇷 Aztecs · Argentina
1007
-19
🇦🇺 Portuguese · Australia
905
-15
🇳🇿 Varangians · New Zealand
880
-14
JalalTheDestroyer
0:56 Loom
17:11 Feudal Age
22:13 Wheelbarrow
23:43 Castle Age
22:30 Double-Bit Axe
23:29 Wheelbarrow
25:14 Horse Collar
27:51 Fletching
32:44 Imperial Age
30:46 Hand Cart
32:13 Bow Saw
32:07 Heavy Plow
33:03 Bodkin Arrow
36:57 Conscription
37:58 Artillery
40:03 Padded Archer Armor
41:38 Leather Archer Armor
41:23 Bracer
43:35 Elite Janissary
44:37 Conscription
45:09 Ring Archer Armor
Eli Correa 3950
1:06 Loom
13:40 Feudal Age
15:01 Wheelbarrow
20:45 Castle Age
18:41 Horse Collar
19:08 Double-Bit Axe
21:44 Hand Cart
23:58 Heavy Plow
28:01 Bow Saw
27:49 Fletching
28:15 Scale Mail Armor
28:26 Forging
31:02 Chain Mail Armor
35:47 Imperial Age
34:01 Squires
35:20 Gold Mining
36:36 Ballistics
37:03 Iron Casting
36:59 Plate Mail Armor
37:42 Two-Man Saw
37:28 Caravan
38:49 Conscription
38:06 Elite Fire Lancer
40:15 Chemistry
40:09 Elite Skirmisher
40:43 Fletching
41:23 Crossbowman
42:08 Thumb Ring
45:03 Arbalester
46:21 Bodkin Arrow
46:43 Masonry
53:02 Heavy Rocket Cart
54:28 Pikeman
57:18 Halberdier
SCON
10:46 Feudal Age
16:12 Castle Age
15:45 Horse Collar
15:53 Double-Bit Axe
19:22 Wheelbarrow
21:26 Bow Saw
21:19 Heavy Plow
25:33 Gold Mining
25:36 Stone Mining
29:44 Imperial Age
29:17 Gold Shaft Mining
29:52 Fletching
30:02 Padded Archer Armor
30:10 Thumb Ring
31:40 Two-Man Saw
31:13 Crop Rotation
30:42 Bodkin Arrow
31:15 Parthian Tactics
32:04 Bloodlines
31:54 Husbandry
31:21 Light Cavalry
32:36 Bracer
32:51 Leather Archer Armor
32:43 Scale Barding Armor
33:37 Hand Cart
33:09 Loom
34:21 Recurve Bow
34:58 Heavy Cavalry Archer
37:10 Hussar
38:42 Ballistics
39:46 Ring Archer Armor
39:36 Chain Barding Armor
40:31 Caravan
49:40 Conscription
49:31 Corvinian Army
48:52 Elite Magyar Huszar
SuperSpurs4983
0:28 Loom
13:30 Feudal Age
13:59 Fishing Lines
18:34 Wheelbarrow
23:44 Castle Age
23:09 Double-Bit Axe
23:10 Horse Collar
23:31 Gold Mining
23:34 Stone Mining
24:43 Bow Saw
25:09 Gillnets
25:39 Heavy Plow
32:20 Hand Cart
34:38 Imperial Age
35:14 Fortified Wall
35:18 Masonry
35:04 Murder Holes
35:32 Ballistics
35:56 Conscription
36:22 Squires
36:10 Gambesons
36:12 Arson
36:33 Scale Mail Armor
36:44 Forging
37:23 Scale Barding Armor
38:58 Two-Man Saw
38:40 Crop Rotation
39:52 Chemistry
39:11 Bloodlines
39:04 Husbandry
39:35 Chain Barding Armor
39:05 Pikeman
39:54 Elite Jarl
41:50 Iron Casting
41:53 Plate Barding Armor
40:59 Cavalier
42:45 Heavy Scorpion
44:28 Siege Engineers
45:28 Blast Furnace
45:25 Chain Mail Armor
45:02 Fletching
46:01 Halberdier
47:26 Plate Mail Armor
50:24 Vendel Legacy
58:17 Elite Varangian Guard
Lyndizzle
11:32 Feudal Age
17:53 Castle Age
15:42 Horse Collar
15:49 Double-Bit Axe
18:39 Wheelbarrow
20:10 Heavy Plow
23:29 Bow Saw
25:43 Hand Cart
30:52 Imperial Age
28:55 Gold Mining
28:55 Stone Mining
29:00 Elite Skirmisher
32:39 Chemistry
33:04 Thumb Ring
34:37 Pikeman
36:16 Elite Organ Gun
39:54 Forging
39:36 Fletching
39:46 Padded Archer Armor
40:14 Ballistics
39:49 Murder Holes
42:58 Iron Casting
42:19 Bodkin Arrow
42:39 Leather Archer Armor
42:25 Scale Mail Armor
46:16 Blast Furnace
45:46 Ring Archer Armor
47:03 Onager
47:07 Halberdier
48:30 Bracer
48:45 Chain Mail Armor
Joy Games Interactive
0:53 Loom
17:25 Feudal Age
18:09 Double-Bit Axe
22:37 Castle Age
23:48 Bow Saw
24:14 Gold Mining
26:11 Fervor
26:34 Sanctity
26:27 Fishing Lines
29:54 Redemption
30:42 Squires
30:28 Arson
30:45 Fletching
32:29 Stone Mining
34:22 Town Watch
38:19 Imperial Age
36:06 Padded Archer Armor
37:52 Bodkin Arrow
38:00 Scale Mail Armor
39:44 Theocracy
39:26 Block Printing
39:15 Bracer
39:30 Chain Mail Armor
38:50 Elite Skirmisher
41:04 Leather Archer Armor
41:53 Pikeman
42:56 Conscription
46:56 Ballistics
49:32 Forging
50:46 Iron Casting
54:25 Illumination
Connection lost

Rejoining the realm…

Still unreachable

The connection could not be restored.

Session expired

The server has moved on; the page needs a fresh start.